 Dungeon Crawl Stone Soup version 0.28.0 (webtiles) character file.

Game seed: 3298009191152882865

66 GrayStillPlays the Sneak (level 3, 0/16 HPs)
             Began as a Spriggan Enchanter on Feb 9, 2022.
             Slain by a gnoll (11 damage)
             ... on level 2 of the Dungeon.
             The game lasted 00:04:04 (2497 turns).

GrayStillPlays the Sneak (Spriggan Enchanter)       Turns: 2497, Time: 00:04:05

Health: 0/16       AC:  6    Str:  4    XL:     3   Next: 96%
Magic:  2/2        EV: 18    Int: 18    God:
Gold:   58         SH:  0    Dex: 17    Spells: 8/8 levels left

rFire   . . .      SeeInvis +   m - +6 dagger "Xobbiaz" {antimagic, Drain Fly rC+ Int+2, short}
rCold   + . .      Faith    .   (no shield)
rNeg    . . .      Spirit   .   b - +0 robe
rPois   .          Reflect  .   (helmet restricted)
rElec   .          Harm     .   (no cloak)
rCorr   .          Rampage  .   (gloves unavailable)
Will    .....                   (boots unavailable)
Stlth   +++.......              (no amulet)
HPRegen 0.05/turn               l - +4 ring of protection
MPRegen 0.08/turn               (no ring)

@: flying, very quick
A: very small, no large weapons, unfitting armour, see invisible, speed 3
a: no special abilities


You were on level 2 of the Dungeon.
You visited 1 branch of the dungeon, and saw 2 of its levels.

You collected 58 gold pieces.


Innate Abilities, Weirdness & Mutations

You are very small and have problems with some larger weapons.
You are too small for most types of armour.
You have supernaturally acute eyesight. (SInv)
You cover ground extremely quickly. (Speed+++)


   Skills:
 + Level 2.0 Short Blades
 + Level 3.5 Dodging
 + Level 5.1 Stealth
 + Level 3.3 Spellcasting
 + Level 4.1 Hexes


You had 8 spell levels left.
You didn't know any spells.
Your spell library contained the following spells:

 Spells                   Type           Power      Damage    Failure   Level
 Confusing Touch          Hex            18%        N/A       9%          3
 Tukima's Dance           Hex            18%        N/A       9%          3
 Ensorcelled Hibernation  Hex/Ice        20%        N/A       10%         2
 Dazzling Flash           Conj/Hex       20%        N/A       21%         3

Inventory:

Hand Weapons
 a - a +1 dagger {short}
 m - the +6 dagger "Xobbiaz" (weapon) {antimagic, Drain Fly rC+ Int+2, short}
   (You found it on level 2 of the Dungeon)

   It reduces the magical energy of the wielder, and disrupts the spells and
   magical abilities of those it strikes.
   Natural abilities and divine invocations are not affected.
   Int:       It affects your intelligence (+2).
   rC:        It protects you from cold.
   Fly:       It grants you flight.
   Drain:     It drains your maximum health when unequipped.
Missiles
 d - 38 arrows
 f - 105 stones (quivered) {throwing}
 i - 24 sling bullets
Armour
 b - a +0 robe (worn)
Jewellery
 l - a +4 ring of protection (left hand)
   (You found it on level 2 of the Dungeon)
Scrolls
 e - 3 scrolls of teleportation {unknown}
 h - a scroll of silence {unknown}
Potions
 c - a potion of invisibility
 g - a potion of brilliance {unknown}
 j - a potion of flight {unknown}
 k - a potion of degeneration {unknown}
 n - 2 potions of might {unknown}

Dungeon Overview and Level Annotations

Branches:
Dungeon (2/15)

Altars:

############.#
..............##
######..#####...
#..# #. #..#
#.### # #..#
#?.. .#
######..#
#ww#...# .
........######
#@# ...# .##
#######......#
#b## ... .J#
#######..###.#
#g.## ..##.#
.........# #.#
##..## ..#.##
######...###.#
##..###.#).# #
#..........#
##....g#..# #
#.##...#.###
####.....# #
#.######.#
##########.# #
#.# #.#
#..........#


You could see 2 worms, a gnoll and a bat.


Message History

No target in view!
No target in view!
Found a stone staircase leading down.
f - 105 stones {throwing} (gained 30)
There is a stone staircase leading down here.
You see here a +0 scale mail.
A quokka comes into view.
The helpless quokka fails to defend itself.
You impale the quokka!!
You kill the quokka!
No target in view!
No target in view!
A worm comes into view.
A worm is nearby!
The worm bites you. 😮 HP[-5]
You take 5 damage, and now have 11/16 hp.
MASSIVE DAMAGE!! (PAUSE)
You hit the worm. 😮 HP[+1]
You hit the worm. The worm bites you.
* * * LOW HITPOINT WARNING * * *
😨 HP[-6]
You take 6 damage, and now have 6/16 hp.
MASSIVE DAMAGE!! (PAUSE)
You see here a +0 scale mail.
There is a stone staircase leading down here. 😨 HP[+1]
You start resting. 😎 HP[+9]
Your hp is fully restored (16).
There is a stone staircase leading down here.
You see here a +0 scale mail.
A gnoll comes into view. It is wielding a +0 club.
The gnoll shouts!
A gnoll comes into view. It is wielding a +0 halberd.
The gnoll shouts!
You hit the gnoll.
You hear a shout!
The gnoll hits you but does no damage.
You hit the gnoll but do no damage.
The gnoll hits you from afar with a +0 halberd.
The gnoll misses you. 😮 HP[-6]
You take 6 damage, and now have 10/16 hp.
MASSIVE DAMAGE!! (PAUSE) 😮 HP[+1]
You see here a +0 scale mail.
There is a stone staircase leading down here.
You start resting. 😎 HP[+5]
Your hp is fully restored (16).
There is a stone staircase leading down here.
You see here a +0 scale mail.
You catch the helpless gnoll completely off-guard!
You puncture the gnoll!
You kill the gnoll!
You see here a +0 club {mace}.
A gnoll comes into view.
It is wielding a +0 spear and quivering datura-tipped darts.
The gnoll misses you.
The gnoll shouts!
The gnoll hits you with a +0 spear. The gnoll hits you but does no damage.
A bat comes into view. 😕 HP[-1]
You take 1 damage, and now have 15/16 hp.
You hit the gnoll. The gnoll misses you. x2
You hit the gnoll. The gnoll completely misses you.
The gnoll closely misses you.
You closely miss the gnoll. The bat hits you but does no damage.
The bat closely misses you.
The gnoll hits you with a +0 spear. 😮 HP[-4]
You take 4 damage, and now have 11/16 hp.
MASSIVE DAMAGE!! (PAUSE)
You hit the gnoll.
You kill the gnoll!
The bat hits you but does no damage. The gnoll misses you.
An endoplasm comes into view.
Your Short Blades skill increases to level 2!
The bat barely misses you. The gnoll barely misses you.
The bat barely misses you.
A worm comes into view.
The bat hits you but does no damage.
A rat comes into view.
The bat barely misses you. 😮 HP[+1]
You hit the worm but do no damage. The bat closely misses you.
The bat barely misses you. The worm misses you.
You hit the worm. The bat hits you but does no damage.
You hit the worm. The worm bites you but does no damage. The worm misses you.
The bat misses you.
You hit the worm. The bat barely misses you.
You hit the worm. The bat hits you but does no damage.
The worm barely misses you. The bat misses you.
The worm bites you but does no damage.
You hit the worm. The bat hits you but does no damage. The gnoll misses you.
You barely miss the worm. The bat hits you but does no damage.
The bat completely misses you. The worm bites you. The worm closely misses you.
The gnoll hits you from afar with a +0 halberd!
Ouch! That really hurt!
You die...

Skill      XL: |  1  2  3 |
---------------+----------+-----
Dodging        | 3 |  3.5
Spellcasting   | 3 |  3.3
Hexes          | 4 |  4.1
Stealth        | 5 |  5.1
Short Blades   | 2 |  2.0

Action                   || total
-------------------------++-------
Melee: Dagger            ||   113
       Punch             ||     2
 Stab: Sleeping          ||    10
       Distracted        ||     1
Armor: Robe              ||    19
Dodge: Dodged            ||    90

Levels and vault maps discovered:
D:1:      dpeg_arrival_stonehenge_12_columns, layout_basic, serial_glass,
          glass_columns_a, glass_columns_a, supply_closet_lemuel
D:2:      minmay_evil_eye, layout_loops_ring, nicolae_ecumenical_lake_church

Notes
Turn   | Place    | Note
-------+----------+-------------------------------------------
     0 | D:1      | GrayStillPlays the Spriggan Enchanter began the quest for
                  | the Orb.
     0 | D:1      | Reached XP level 1. HP: 9/9 MP: 5/5
     0 | D:1      | magus.rc [v1.9.6]
   356 | D:1      | Reached XP level 2. HP: 13/13 MP: 6/6
   479 | D:1      | Reached skill level 3 in Dodging
   939 | D:2      | Reached skill level 3 in Spellcasting
  1001 | D:2      | HP: 2/13 [kobold (3)]
  1536 | D:2      | Reached skill level 4 in Hexes
  1536 | D:2      | Reached XP level 3. HP: 16/16 MP: 8/8
  1592 | D:2      | Identified the +6 dagger "Xobbiaz" {antimagic, Drain Fly
                  | rC+ Int+2}
  1651 | D:2      | HP: 4/16 [poisoned by an adder]
  1885 | D:2      | Reached skill level 5 in Stealth
  1985 | D:2      | Found a faded altar of an unknown god.
  2481 | D:2      | Reached skill level 2 in Short Blades
  2497 | D:2      | Slain by a gnoll

Vanquished Creatures
  2 adders (D:2)
  2 gnolls (D:2)
  3 bats
  2 endoplasms (D:2)
  2 giant cockroaches (D:1)
  2 goblins (D:1)
  4 hobgoblins
  2 kobolds (D:2)
  2 quokkas
  5 frilled lizards
  2 rats (D:1)
28 creatures vanquished.

Table legend:
 A = Non-vault XP
 B = Vault XP
 C = Vault XP percentage of total XP
 D = Non-vault monster count
 E = Vault monster count
 F = Vault count percentage of total count
                 A         B        C        D         E       F
            +---------+---------+-------+---------+---------+-------
      Total |      95 |       0 |   0.0 |      28 |       0 |   0.0
            +---------+---------+-------+---------+---------+-------
        D:1 |      21 |       0 |   0.0 |      14 |       0 |   0.0
        D:2 |      74 |       0 |   0.0 |      14 |       0 |   0.0
            +---------+---------+-------+---------+---------+-------

Illustrated notes

Table legend:
 A = Kills in this place as a percentage of kills in entire the game.
 B = Kills by you in this place as a percentage of kills by you in the entire game.
 C = Kills by friends in this place as a percentage of kills by friends in the entire game.
 D = Other kills in this place as a percentage of other kills in the entire game.
 E = Experience gained in this place as a percentage of experience gained in the entire game.
 F = Experience gained in this place divided by the number of levels of this place that you have seen.
                   A       B       C       D       E      F
               +-------+-------+-------+-------+-------+----------------------
         Total | 100.0 | 100.0 |   N/A |   N/A | 100.0 |  47.5
       Dungeon | 100.0 | 100.0 |   N/A |   N/A | 100.0 |  47.5
               +-------+-------+-------+-------+-------+----------------------

Table legend: (Time is in decaauts)
 A = Elapsed time spent in this place.
 B = Non-inter-level travel time spent in this place.
 C = Inter-level travel time spent in this place.
 D = Time resting spent in this place.
 E = Time spent auto-exploring this place.
 F = Levels seen in this place.
 G = Mean time per level.
                   A        B        C        D        E       F      G
               +--------+--------+--------+--------+--------+-----+--------+
         Total |   1978 |   1953 |     25 |    881 |    641 |   2 |  989.0 |
       Dungeon |   1978 |   1953 |     25 |    881 |    641 |   2 |  989.0 |
               +--------+--------+--------+--------+--------+-----+--------+

Top non-repeatable levels by time:
     D:1: 1243 daAuts
     D:2: 734 daAuts
